 Dungeon Crawl Stone Soup version 0.30-a0-279-g4b46babb21 (webtiles) character file.

Game seed: 4244108755130097762

107384 purpskrrrp the Brawler (level 16, -13/140 HPs)
             Began as a Troll Fighter on Oct 16, 2022.
             Was the Champion of Qazlal.
             Mangled by a centaur warrior simulacrum (16 damage)
             ... while petrified by a basilisk
             ... on level 14 of the Dungeon.
             The game lasted 00:52:01 (20735 turns).

purpskrrrp the Brawler (Troll Fighter)             Turns: 20735, Time: 00:52:01

Health: -13/140    AC: 11    Str: 34    XL:     16   Next: 0%
Magic:  0/24       EV:  1    Int:  4    God:    Qazlal [******]
Gold:   1272       SH:  0    Dex:  9    Spells: 15/15 levels left

rFire   + + +      SeeInvis .      - Unarmed
rCold   x . .      Faith    .    m - +5 tower shield of the Arcane {rElec rF+ rC+ rN+}
rNeg    + + +      Spirit   +    W - +0 fire dragon scales
rPois   ∞          Reflect  .    t - +2 hat
rElec   +          Harm     .    (no cloak)
rCorr   .          Rampage  .    (gloves unavailable)
Will    +....                    (boots unavailable)
Stlth   ..........               j - amulet of guardian spirit
HPRegen 1.23/turn                s - ring of fire
MPRegen 0.19/turn                y - ring of magical power

@: petrified, protected from physical damage, corroded, studying Armour, repel
missiles
A: large, unfitting armour, claws 3, regeneration 1, shaggy fur 1, tough skin 1
a: Renounce Religion, Upheaval, Elemental Force, Disaster Area


You were on level 14 of the Dungeon.
You worshipped Qazlal.
Qazlal was exalted by your worship.
You visited 3 branches of the dungeon, and saw 21 of its levels.
You also visited: Ice Cave and Volcano.

You collected 2907 gold pieces.
You spent 1635 gold pieces at shops.

Inventory:

Hand Weapons
 f - a +2 glaive of freezing
Missiles
 D - a throwing net (quivered)
 I - 5 silver javelins
Armour
 a - a +0 robe
 b - a +0 kite shield
 m - the +5 tower shield of the Arcane (worn) {rElec rF+ rC+ rN+}
   (You acquired it on level 6 of the Dungeon)

   rF:        It protects you from fire.
   rC:        It protects you from cold.
   rElec:     It insulates you from electricity.
   rN:        It protects you from negative energy.
 t - a +2 hat (worn)
 C - a +0 tower shield
 F - a +1 robe of willpower
 J - +1 acid dragon scales
 W - +0 fire dragon scales (worn)
Jewellery
 h - an amulet of faith
 j - an amulet of guardian spirit (around neck)
 r - a ring of positive energy
 s - a ring of fire (left claw)
 v - a ring of willpower
 w - a ring of ice
 y - a ring of magical power (right claw)
 G - a ring of protection from cold
 K - the amulet "Xown" {Faith rPois}
   (You found it on level 10 of the Dungeon)

   [amulet of faith]

   It allows you to gain divine favour quickly.
   rPois:     It protects you from poison.
 M - a ring of protection from cold
 U - a ring of positive energy
 X - the ring "Aqoroeth" {Wiz Int+4}
   (You found it on level 4 of the Lair of Beasts)

   [ring of wizardry]

   It improves your spell success rate.
   Int:       It affects your intelligence (+4).
 Z - the ring of Mistrust {Ice rN+}
   (You took it off a centaur warrior on level 9 of the Dungeon)

   [ring of ice]

   It enhances your ice magic.
   rF:        It makes you vulnerable to fire.
   rC:        It protects you from cold.
   rN:        It protects you from negative energy.
Wands
 d - a wand of paralysis (18)
 p - a wand of mindburst (24)
 V - a wand of flame (10)
Scrolls
 n - 10 scrolls of teleportation
 o - a scroll of magic mapping
 x - 4 scrolls of butterflies
 z - 3 scrolls of enchant weapon
 A - 4 scrolls of amnesia
 E - 3 scrolls of immolation
 H - 2 scrolls of identify
 O - a scroll of silence
 P - a scroll of poison
Potions
 c - 3 potions of flight
 e - 4 potions of lignification
 g - 8 potions of curing
 i - 3 potions of degeneration
 l - 4 potions of invisibility
 q - 3 potions of brilliance
 B - 2 potions of attraction {unknown}
 L - a potion of cancellation
 N - 2 potions of magic
 R - 3 potions of resistance
 S - 2 potions of haste
 T - 2 potions of might
 Y - 2 potions of ambrosia
Miscellaneous
 k - a condenser vane
 Q - a lightning rod (4/4)


   Skills:
 - Level 4.4 Fighting
 + Level 11.7 Armour
 - Level 2.4 Dodging
 + Level 14.2 Shields
 * Level 20.8 Unarmed Combat


You had 15 spell levels left.
You didn't know any spells.
Your spell library contained the following spells:

 Spells                   Type           Power      Damage    Failure   Level
 Foxfire                  Conj/Fire      0%         2x1d4     97%         1
 Magic Dart               Conj           0%         1d3       97%         1
 Cigotuvi's Dreadful Rot  Necr/Pois/Air  0%         N/A       99%         2
 Searing Ray              Conj           0%         2d4       99%         2
 Dazzling Flash           Conj/Hex       0%         N/A       100%        3
 Ignite Poison            Fire/Tmut/Pois 0%         N/A       100%        3
 Kindle Blastsparks       Fire/Tloc/Air  0%         2d10      100%        3
 Dispel Undead            Necr           0%         3d6       100%        4
 Fulminant Prism          Conj/Hex       0%         3d6       100%        4
 Iskenderun's Mystic Bla  Conj/Tloc      0%         2d3       100%        4
 Fireball                 Conj/Fire      0%         3d3       100%        5
 Freezing Cloud           Conj/Ice/Air   0%         6-21      100%        5
 Yara's Violent Unravell  Hex/Tmut       0%         3d3       100%        5
 Death Channel            Necr           0%         N/A       100%        6
 Starburst                Conj/Fire      0%         6d3       100%        6
 Enfeeble                 Hex            0%         N/A       100%        7


Dungeon Overview and Level Annotations

Branches:
Dungeon (14/15)            Temple (0/1) D:7            Lair (5/5) D:8
  Swamp (0/4) Lair:3       Spider (0/4) Lair:2        Slime (0/5) Lair:4
    Orc (2/2) D:11            Elf (0/3) Orc:2         IceCv (visited)
Volcano (visited)
 Vaults: D:13-14

Altars:
Ashenzari
Elyvilon
Fedhas
Nemelex Xobeh
Okawaru
Qazlal
Vehumet
Xom
The Shining One
Jiyva

Shops:
D:1 (([[   D:8 :   D:9 ?   Orc:2 *:*[[


Innate Abilities, Weirdness & Mutations

You are too large for most types of armour.
You have claws for hands.
Your natural rate of healing is unusually fast.
You are covered in fur. (AC +1)
You have tough skin. (AC +1)


Message History

* * * LOW HITPOINT WARNING * * *
The basilisk is engulfed in blazing flames.
The basilisk gazes at you.
You easily resist.
The meliai hits you with a +0 war axe.
You feel more protected from physical attacks.
The meliai stings you.
* * * LOW HITPOINT WARNING * * *
The centaur warrior is struck by lightning.
The white ugly thing is engulfed in blazing flames.
The white ugly thing gores you but does no damage.
The centaur warrior simulacrum hits you but does no damage.
The centaur warrior simulacrum kicks you but does no damage.
The brown ugly thing headbutts you.
* * * LOW HITPOINT WARNING * * *
The acid corrodes you!
You are splashed with acid!
* * * LOW HITPOINT WARNING * * *
The white ugly thing engulfs you!
* * * LOW HITPOINT WARNING * * *
The white ugly thing freezes you!!
You feel a terrible chill!
Your resistance to physical damage fades away.
You feel protected from cold.
* * * LOW HITPOINT WARNING * * *
The meliai is engulfed in freezing vapours.
The meliai hits you with a +0 war axe!!
* * * LOW HITPOINT WARNING * * *
Your resistance to cold fades away.
You feel protected from physical attacks.
The meliai stings you but does no damage.
The white ugly thing is engulfed in blazing flames.
The vault guard hits you with a +0 battleaxe!
* * * LOW HITPOINT WARNING * * *
You feel more protected from physical attacks.
The fire dragon is engulfed in freezing vapours.
The meliai is engulfed in freezing vapours.
The meliai barely misses you. The meliai stings you.
The centaur warrior simulacrum hits you.
* * * LOW HITPOINT WARNING * * *
The centaur warrior simulacrum freezes you!!
You feel a terrible chill!
You die...

#.... ..# #.#
##.... ##.###..##
#.....##........#
.................
.......).......#
..............#
.......°°e...##
.......Duyl..##
.......Z@uc...#
......§puuu.c..#
.......☼u.☼?....#
#.....##....p...'
###.#. ###......#
#).. <#...## ....
.#..## .. .! ##


You could see a fire dragon, 2 vault guards, 6 ugly things, 2 centaur warriors,
a deep elf pyromancer, a basilisk, a meliai and a centaur warrior simulacrum.

Vanquished Creatures
  Gastronok (D:8)
  Kirke (Lair:4)
  A frost giant (IceCv)
  An orc warlord (Orc:1)
  3 dire elephants (Lair:5)
  Snorg (Lair:5)
  The ghost of bchevrier the Fighter, a journeyman GnWn of Makhleb (D:12)
  A fire dragon (Lair:4)
  A vault guard (D:13)
  2 ogre magi
  2 catoblepae
  7 centaur warriors
  5 hydras
  11 two-headed ogres
  8 boulder beetles
  2 death knights (D:12)
  Erica (Orc:1)
  9 death yaks
  A hell knight (Volcano)
  Urug (Lair:5)
  A spectral death yak (Lair:5)
  4 skeletal warriors
  A spectral anaconda (Lair:5)
  The ghost of KennySheep the Changer, a novice DgTm (D:8)
  An obsidian statue (Lair:5)
  4 necromancers (Lair:5)
  2 orc sorcerers
  4 orc knights (Orc:2)
  2 deep elf pyromancers (D:12)
  7 ugly things
  3 cyclopes
  A cyclops (shapeshifter) (D:9)
  14 elephants
  2 manticores (D:11)
  An ice statue (IceCv)
  12 cane toads
  6 black mambas
  2 gargoyles (D:12)
  A dire elephant skeleton (Lair:5)
  2 unseen horrors
  15 rime drakes
  2 yaktaurs (D:12)
  14 komodo dragons
  3 freezing wraiths
  2 kobold demonologists
  9 trolls
  A tyrant leech (Lair:3)
  5 polar bears (IceCv)
  A hornet (D:9)
  5 blink frogs (Lair:3)
  A raiju (shapeshifter) (D:13)
  10 slime creatures
  A culicivora (Lair:2)
  2 centaur simulacra
  8 wraiths
  A shadow (D:11)
  A vampire (D:9)
  7 hogs
  57 yaks
  5 wyverns
  5 basilisks
  14 steam dragons
  4 vampire mosquitoes (D:12)
  Edmund (D:4)
  A spectral cane toad (Lair:5)
  5 wargs
  2 swamp worms (Lair:3)
  13 water moccasins
  3 acid dragons
  47 orc warriors
  2 ice beasts (D:7)
  6 black bears
  6 ogres
  A sky beast (D:4)
  17 wolves
  11 centaurs
  Blork the orc (D:4)
  2 kobold brigands
  8 bullfrogs
  A gnoll sergeant (D:12)
  A cane toad simulacrum (Lair:5)
  11 wights
  7 killer bees
  2 elephant simulacra (Lair:5)
  An electric eel (Lair:5)
  2 howler monkeys
  4 crimson imps (D:5)
  2 hounds
  2 jellies
  A gnoll bouda (D:7)
  9 orc priests
  Jessica (D:3)
  Ijyb (D:3)
  2 iguanas
  9 hell rats (Lair:1)
  19 orc wizards
  14 river rats (Lair:1)
  7 gnolls
  7 adders
  15 white imps
  2 ufetubi
  2 worms (D:2)
  2 dart slugs
  67 orcs
  13 bats
  9 endoplasms
  3 giant cockroaches
  11 goblins
  5 hobgoblins
  2 jackals (D:2)
  9 quokkas
  6 ball pythons
  4 frilled lizards
  13 kobolds
  16 rats
  2 butterflies (Lair:5)
714 creatures vanquished.

Vanquished Creatures (others)
  An ogre mage (D:12)
  25 fungi
  28 plants
  5 toadstools (D:6)
  25 withered plants
84 creatures vanquished.

Grand Total: 798 creatures vanquished

Notes
Turn   | Place    | Note
-------+----------+-------------------------------------------
     0 | D:1      | purpskrrrp the Troll Fighter began the quest for the Orb.
     0 | D:1      | Reached XP level 1. HP: 22/22 MP: 0/0
    16 | D:1      | Found Rops's Armour Boutique.
    54 | D:1      | Found Owiff's Weapon Emporium.
    73 | D:1      | Found Guaseg's Antique Armour Emporium.
   198 | D:1      | Found Satrukaf's Weapon Emporium.
   209 | D:1      | Reached XP level 2. HP: 29/29 MP: 1/1
   916 | D:2      | Reached XP level 3. HP: 36/36 MP: 2/2
  1016 | D:2      | Reached skill level 3 in Unarmed Combat
  1482 | D:2      | Reached XP level 4. HP: 44/44 MP: 3/3
  1795 | D:3      | Noticed Jessica
  1800 | D:3      | Killed Jessica
  2022 | D:3      | Found a stormy altar of Qazlal.
  2151 | D:3      | Noticed Ijyb
  2155 | D:3      | Paralysed by Ijyb for 5 turns
  2162 | D:3      | Killed Ijyb
  2163 | D:3      | Reached skill level 4 in Unarmed Combat
  2163 | D:3      | Reached XP level 5. HP: 38/53 MP: 4/4
  2190 | D:3      | Found a faded altar of an unknown god.
  2620 | D:3      | Found a glowing golden altar of the Shining One.
  2710 | D:3      | Became a worshipper of Qazlal Stormbringer
  2761 | D:4      | Found a broken altar of Ashenzari.
  2769 | D:4      | Noticed Edmund
  2792 | D:4      | Killed Edmund
  2793 | D:4      | Reached XP level 6. HP: 21/60 MP: 1/5
  3080 | D:4      | Reached skill level 5 in Unarmed Combat
  3096 | D:4      | Found a blossoming altar of Fedhas.
  3116 | D:4      | Noticed Blork the orc
  3124 | D:4      | Killed Blork the orc
  3232 | D:4      | Noticed a sky beast
  3240 | D:4      | Killed a sky beast
  3241 | D:4      | Reached XP level 7. HP: 61/68 MP: 4/6
  3515 | D:5      | Entered Level 5 of the Dungeon
  4026 | D:5      | Found a shimmering altar of Xom.
  4044 | D:5      | Reached * piety under Qazlal
  4045 | D:5      | Reached skill level 6 in Unarmed Combat
  4607 | D:6      | Found a radiant altar of Vehumet.
  4677 | D:6      | Reached skill level 5 in Shields
  4854 | D:6      | Reached XP level 8. HP: 70/79 MP: 7/7
  5242 | D:7      | Reached skill level 7 in Unarmed Combat
  5278 | D:7      | Found a sparkling altar of Nemelex Xobeh.
  5306 | D:7      | Found a white marble altar of Elyvilon.
  5594 | D:7      | Reached skill level 8 in Unarmed Combat
  5813 | D:7      | Found a staircase to the Ecumenical Temple.
  6016 | D:8      | Reached ** piety under Qazlal
  6127 | D:6      | Identified a scroll of acquirement
  6127 | D:6      | Acquired the +5 tower shield of the Arcane {rElec rF+ rC+
                  | rN+}
  6201 | D:8      | Noticed Gastronok
  6217 | D:8      | Killed Gastronok
  6218 | D:8      | Reached skill level 10 in Unarmed Combat
  6218 | D:8      | Reached XP level 9. HP: 43/85 MP: 2/8
  6328 | D:8      | Found a runed translucent door.
  6328 | D:8      | Noticed KennySheep's ghost (novice DgTm)
  6404 | D:8      | Reached skill level 11 in Unarmed Combat
  6462 | D:8      | Found a staircase to the Lair.
  6463 | D:8      | Noticed an elephant
  6478 | D:8      | Killed an elephant
  6479 | D:8      | Reached XP level 10. HP: 90/94 MP: 9/9
  6610 | D:8      | Found Dafet's Book Shoppe.
  6633 | D:8      | Identified the +1 ring mail of Fashionability {Rampage
                  | rPois Int+3 Stlth-}
  6753 | D:8      | Identified the +5 leather armour of Ijilul {rF++ Dex+4
                  | Slay-5}
  7168 | D:9      | Reached skill level 12 in Unarmed Combat
  7240 | D:9      | Found Xoir's Magic Scroll Shoppe.
  7243 | D:9      | Bought a scroll of enchant weapon for 105 gold pieces
  7456 | D:9      | Identified the ring of Mistrust {Ice rN+}
  7456 | D:9      | Noticed a centaur warrior
  7461 | D:9      | Reached skill level 1 in Armour
  7805 | D:9      | Noticed a cyclops
  7810 | D:9      | Killed a cyclops
  7976 | D:10     | Entered Level 10 of the Dungeon
  7994 | D:10     | Reached *** piety under Qazlal
  8056 | D:10     | Found an iron altar of Okawaru.
  8283 | D:10     | Identified the amulet "Xown" {Faith rPois}
  8368 | D:10     | Reached skill level 13 in Unarmed Combat
  8384 | D:10     | Reached XP level 11. HP: 79/101 MP: 10/10
  8940 | D:11     | Found a frozen archway.
  8973 | IceCv    | Entered an ice cave
  9033 | IceCv    | Noticed a death yak
  9040 | IceCv    | Noticed a death yak
  9046 | IceCv    | Reached **** piety under Qazlal
  9050 | IceCv    | Killed a death yak
  9061 | IceCv    | Killed a death yak
  9062 | IceCv    | Reached skill level 14 in Unarmed Combat
  9205 | IceCv    | Noticed a white ugly thing
  9206 | IceCv    | Noticed a death yak
  9212 | IceCv    | Killed a white ugly thing
  9223 | IceCv    | Killed a death yak
  9377 | IceCv    | Noticed a frost giant
  9381 | IceCv    | Noticed a death yak
  9396 | IceCv    | Killed a death yak
  9398 | IceCv    | Killed a frost giant
  9399 | IceCv    | Reached skill level 5 in Armour
  9399 | IceCv    | Reached skill level 10 in Shields
  9403 | IceCv    | Reached XP level 12. HP: 61/109 MP: 3/11
  9525 | IceCv    | Noticed a death yak
  9532 | IceCv    | Killed a death yak
  9533 | IceCv    | Noticed a death yak
  9549 | IceCv    | Killed a death yak
  9550 | IceCv    | Reached skill level 15 in Unarmed Combat
  9583 | IceCv    | Noticed a death yak
  9595 | IceCv    | Killed a death yak
  9595 | IceCv    | Noticed a death yak
  9603 | IceCv    | Killed a death yak
  9992 | D:11     | Found a staircase to the Orcish Mines.
 10097 | D:11     | Noticed a two-headed ogre
 10102 | D:11     | Killed a two-headed ogre
 10628 | D:12     | Noticed a two-headed ogre
 10697 | D:11     | Reached skill level 16 in Unarmed Combat
 10719 | D:12     | Noticed a boulder beetle
 10719 | D:12     | Noticed a boulder beetle
 10728 | D:11     | Killed a two-headed ogre
 10801 | D:12     | Noticed a two-headed ogre
 10900 | Lair:1   | Entered Level 1 of the Lair of Beasts
 10968 | Lair:1   | Reached ***** piety under Qazlal
 11618 | Lair:2   | Found a hole to the Spider Nest.
 11640 | Lair:2   | Reached XP level 13. HP: 61/117 MP: 9/12
 12369 | Lair:3   | Reached skill level 17 in Unarmed Combat
 12655 | Lair:3   | Found a dark tunnel.
 12665 | Volcano  | Entered a volcano
 12771 | Volcano  | Found a burning altar of Makhleb.
 13400 | Lair:3   | Found a staircase to the Swamp.
 13717 | Lair:4   | Reached ****** piety under Qazlal
 13719 | Lair:4   | Reached XP level 14. HP: 66/124 MP: 13/13
 13735 | Lair:4   | Reached skill level 18 in Unarmed Combat
 13999 | Lair:4   | Found a viscous altar of Jiyva.
 14000 | Lair:4   | Found a staircase to the Slime Pits.
 14219 | Lair:4   | Identified the ring "Aqoroeth" {Wiz Int+4}
 14479 | Lair:5   | Entered Level 5 of the Lair of Beasts
 14479 | Lair:5   | Noticed Kirke
 14729 | Lair:4   | Noticed a sphinx
 14793 | Lair:4   | Killed Kirke
 14901 | Lair:5   | Noticed Urug
 14912 | Lair:5   | Killed Urug
 15046 | Lair:5   | Found a shimmering altar of Xom.
 15318 | Lair:5   | HP: 5/124 [dire elephant (15)]
 15352 | Lair:5   | Reached skill level 19 in Unarmed Combat
 15495 | Lair:5   | Noticed Snorg
 15502 | Lair:5   | Killed Snorg
 16275 | Orc:1    | Entered Level 1 of the Orcish Mines
 16427 | Orc:2    | Entered Level 2 of the Orcish Mines
 16629 | Orc:2    | Reached XP level 15. HP: 66/131 MP: 12/14
 16954 | Orc:2    | Found a staircase to the Elven Halls.
 17175 | Orc:2    | Found Ycwuimm's Assorted Antiques.
 17344 | Orc:2    | Found Mumnyl's Armour Boutique.
 17344 | Orc:2    | Found Wahuett's General Store.
 17346 | Orc:2    | Found Diofeuhu's Book Emporium.
 17348 | Orc:2    | Found Daco's Antique Armour Shop.
 17363 | Orc:2    | Bought a manual of Armour for 1440 gold pieces
 17363 | Orc:2    | Bought a potion of heal wounds for 90 gold pieces
 17509 | Orc:1    | Noticed Erica
 17524 | Orc:1    | Killed Erica
 17618 | Orc:1    | Reached skill level 10 in Armour
 18198 | D:12     | Reached skill level 20 in Unarmed Combat
 18954 | D:12     | Found a runed translucent door.
 18954 | D:12     | Noticed bchevrier's ghost (journeyman GnWn)
 19536 | D:12     | Killed bchevrier's ghost
 19671 | D:8      | Killed KennySheep's ghost
 20624 | D:13     | Reached XP level 16. HP: 32/140 MP: 4/15
 20735 | D:14     | HP: 4/140 [vault guard/+0 battleaxe (7)]
 20735 | D:14     | Mangled by a centaur warrior simulacrum

Illustrated notes

Levels and vault maps discovered:
D:1:      psy_arrival_fountain, layout_basic, serial_shops,
          nicolae_shop_crystal, nicolae_shop_stone, shop_coins,
          nicolae_shop_window_shopping
D:2:      layout_basic, serial_forest, infiniplex_forest_side_room,
          infiniplex_forest_straight_4, infiniplex_forest_clump_curved,
          infiniplex_forest_lined_3, infiniplex_forest_lined_4_way,
          infiniplex_forest_lined_room_2, infiniplex_forest_lined_room_2,
          infiniplex_forest_lined_3, st_stairs_11, amcnicky_mini_pool_small
D:3:      layout_loops_ring, nicolae_tso_swordbearing_angel,
          nicolae_qazlal_eye_of_the_storm, shapermc_ecumenical_altar_petra,
          minmay_misc_feat_room, uniq_jessica, uniq_ijyb
D:4:      layout_basic, nicolae_overflow_crystal_walls,
          mainiacjoe_overflow_boulevard, uniq_edmund, uniq_blork_the_orc
D:5:      layout_basic, led_xom_imps, serial_bayou_pond_c
D:6:      layout_basic, mainiacjoe_overflow_six_doors_small,
          minmay_misc_feat_hallway, minmay_gold_behind_fungi
D:7:      layout_gridville, mainiacjoe_overflow_big_doors, temple_doors_ab,
          feat_on_display
D:8:      layout_loops_ring, david_lair_generic, gammafunk_ghost_grave,
          serial_shops, nicolae_shop_hallway_plus, uniq_gastronok
D:9:      layout_loops_cross, serial_shops, kennysheep_mini,
          minmay_mirror_moons_of_madness
D:10:     layout_stronghold, mainiacjoe_overflow_surrounded_room,
          minmay_misc_feat_chi
D:11:     layout_irregular_city, david_orc_1_choice, portal_ice_cave_entry_imps
D:12:     minmay_the_grid_square_5x5_5x5
          [minmay_the_grid_square_5x5_broken_cross,
          minmay_the_grid_square_5x5_hourglass,
          minmay_the_grid_square_5x5_corner, minmay_the_grid_square_5x5_bite,
          minmay_the_grid_square_5x5_three_small,
          minmay_the_grid_square_5x5_half_checkered,
          minmay_the_grid_square_5x5_prize_rear_guard,
          minmay_the_grid_square_5x5_eight_small,
          minmay_the_grid_square_5x5_prize_pseudospiral,
          minmay_the_grid_square_5x5_two_walls_b, minmay_the_grid_square_5x5_z,
          minmay_the_grid_square_5x5_minimal,
          minmay_the_grid_square_5x5_prize_snowflake,
          minmay_the_grid_square_5x5_inner_z, minmay_the_grid_square_5x5_six,
          minmay_the_grid_square_5x5_checkered_sparse,
          minmay_the_grid_square_5x5_prize_waves, minmay_the_grid_square_5x5_n,
          minmay_the_grid_square_5x5_prize_itemx,
          minmay_the_grid_square_5x5_eight, minmay_the_grid_square_5x5_seven,
          minmay_the_grid_square_5x5_moneybag, minmay_the_grid_square_5x5_plus,
          minmay_the_grid_square_5x5_hollow_slash,
          minmay_the_grid_square_5x5_slash], layout_basic,
          ebering_ghost_inner_flame
D:13:     layout_loops_ring
D:14:     layout_rooms, lightli_vaults_fourway_checkpoint, serial_park_square3
          [serial_park_minivault_5x5_7]
Lair:1:   lemuel_ratsnest, layout_misc_corridors
Lair:2:   layout_misc_corridors, spider_nest_entry_rubble, grunt_megastairs_4
Lair:3:   layout_regular_city, minmay_swamp_entry_worms, enter_volcano_1
Lair:4:   layout_misc_corridors, slime_entry_1, bobbens_dragon_lair_wall
Lair:5:   due_jungle_book, layout_long_grid, basic_altar, serial_bayou_shore_a,
          lemuel_fruit_fields, uniq_urug, uniq_snorg, uniq_kirke
Orc:1:    layout_caves, uniq_erica
Orc:2:    st_orc_rangers, layout_caves, basic_altar, serial_shops, shop

Skill      XL: |  1  2  3  4  5  6  7  8  9 10 11 12 13 14 15 |
---------------+----------------------------------------------+-----
Shields        | 3 4 5 7 9 10 11 12 13 14 | 14.2
Unarmed Combat | 3 4 5 6 10 11 13 14 16 17 19 20 | 20.8
Fighting       | 3 4 |  4.4
Armour         | 2 5 6 8 9 11 | 11.7
Dodging        | |  2.4

Action                   |  1- 3 |  4- 6 |  7- 9 | 10-12 | 13-15 | 16-18 || total
-------------------------+-------+-------+-------+-------+-------+-------++-------
Melee: Unarmed           |   113 |   127 |   231 |   582 |  1119 |       ||  2172
Invok: Upheaval          |       |       |       |     1 |       |       ||     1
Evoke: Wand              |       |       |       |       |    33 |       ||    33
  Use: Scroll            |     4 |     6 |     9 |     9 |     7 |       ||    35
       Potion            |     1 |     4 |     1 |     7 |     5 |       ||    18
Armor: Robe              |    32 |    40 |    42 |     1 |       |       ||   115
       Skin              |       |       |     4 |       |     3 |       ||     7
       Acid dragon scale |       |       |       |    86 |    72 |       ||   158
       Fire dragon scale |       |       |       |       |   346 |    24 ||   370
Dodge: Dodged            |    41 |    40 |    68 |    72 |   210 |     5 ||   436
       Repelled          |       |       |       |     3 |     7 |       ||    10
Block: Kite shield       |    40 |    39 |    32 |       |       |       ||   111
       Tower shield      |       |       |   148 |   629 |  1627 |     6 ||  2410
       Other             |       |       |       |       |    17 |       ||    17

Table legend: (Time is in decaauts)
 A = Elapsed time spent in this place.
 B = Non-inter-level travel time spent in this place.
 C = Inter-level travel time spent in this place.
 D = Time resting spent in this place.
 E = Time spent auto-exploring this place.
 F = Levels seen in this place.
 G = Mean time per level.
                   A        B        C        D        E       F      G
               +--------+--------+--------+--------+--------+-----+--------+
         Total |  20665 |  19077 |   1588 |   1442 |  13017 |  23 |  898.5 |
       Dungeon |  12886 |  11832 |   1054 |    619 |   8665 |  14 |  920.4 |
          Lair |   5003 |   4606 |    397 |    243 |   3150 |   5 | 1000.6 |
  Orcish Mines |   1659 |   1524 |    135 |    328 |    846 |   2 |  829.5 |
      Ice Cave |    845 |    845 |      0 |    204 |    290 |   1 |  845.0 |
       Volcano |    272 |    272 |      0 |     48 |     65 |   1 |  272.0 |
               +--------+--------+--------+--------+--------+-----+--------+

Top non-repeatable levels by time:
    D:11: 1614 daAuts
  Lair:5: 1339 daAuts
    D:12: 1235 daAuts
  Lair:3: 1146 daAuts
  Lair:4: 1079 daAuts
     D:8: 1068 daAuts
     D:6: 999 daAuts
     D:2: 993 daAuts
   Orc:2: 976 daAuts
     D:9: 967 daAuts
     D:3: 942 daAuts
    D:10: 930 daAuts
    D:13: 906 daAuts
     D:7: 886 daAuts
   IceCv: 845 daAuts
